 Dungeon Crawl Stone Soup version 0.29.1-2-gbd0b4ee654 (webtiles) character file.

Game seed: 6623058473447009943

36 warriortoast the Digger (level 3, 0/20 HPs)
             Began as a Gargoyle Earth Elementalist on Nov 28, 2022.
             Killed from afar by Sigmund (5 damage)
             ... with a magic dart
             ... on level 2 of the Dungeon.
             The game lasted 00:02:22 (1421 turns).

warriortoast the Digger (GrEE)                      Turns: 1421, Time: 00:02:23

Health: 0/20       AC:  5    Str: 13    XL:     3   Next: 37%
Magic:  5/6        EV: 12    Int: 15    God:
Gold:   36         SH:  0    Dex: 10    Spells: 5/6 levels left

rFire   . . .      SeeInvis .   f - +2 mace (protect)
rCold   . . .      Faith    .   (no shield)
rNeg    + . .      Spirit   .   a - +0 robe
rPois   ∞          Reflect  .   (no helmet)
rElec   +          Harm     .   (no cloak)
rCorr   .          Rampage  .   (no gloves)
Will    .....                   (no boots)
Stlth   +.........              (no amulet)
HPRegen 0.06/turn               (no ring)
MPRegen 0.10/turn               (no ring)

@: confused
A: sickness immunity, AC +3, negative energy resistance 1, electricity
resistance, torment resistance 1, petrification resistance
a: no special abilities


You were on level 2 of the Dungeon.
You visited 1 branch of the dungeon, and saw 2 of its levels.

You collected 36 gold pieces.

Inventory:

Hand Weapons
 c - a +0 dagger
 f - a +2 mace of protection (weapon)
Armour
 a - a +0 robe (worn)
Scrolls
 d - a scroll of identify {unknown}
 e - a scroll of summoning {unknown}
 g - 2 scrolls of teleportation {unknown}
 h - a scroll of silence {unknown}
 i - 2 scrolls of magic mapping {unknown}
 k - a scroll of vulnerability {unknown}
Potions
 b - a potion of magic
 j - a potion of attraction {unknown}


   Skills:
 + Level 1.0 Fighting
 + Level 1.9 Dodging
 + Level 2.6 Stealth
 + Level 2.3 Spellcasting
 + Level 1.2 Transmutations
 + Level 3.9 Earth Magic


You had 5 spell levels left.
You knew the following spells:

 Your Spells              Type           Power      Damage    Failure   Level
a - Sandblast             Erth           26%        2d8       4%          1

Your spell library contained the following spells:

 Spells                   Type           Power      Damage    Failure   Level
 Passwall                 Tmut/Erth      7%         N/A       12%         2
 Stone Arrow              Conj/Erth      14%        3d7       28%         3
 Petrify                  Tmut/Erth      9%         N/A       58%         4


Dungeon Overview and Level Annotations

Branches:
Dungeon (2/15)

Altars:

Annotations:
D:2 Sigmund


Innate Abilities, Weirdness & Mutations

You are immune to sickness and miasma.
Your stone body is resilient. (AC +3)
You are immune to poison.
You resist negative energy. (rN+)
You are resistant to electric shocks. (rElec)
You are resistant to unholy torment.
You are immune to petrification.


Message History

You closely miss Sigmund.
Sigmund is moderately wounded.
You sock Sigmund!
Your weapon exudes an aura of protection.
Sigmund is heavily wounded.
Sigmund gestures at you while chanting. You resist with significant effort.
Sigmund misses you.
You barely miss Sigmund.
Sigmund is heavily wounded.
The giant cockroach waves its antennae.
Sigmund gestures wildly while chanting.
Sigmund flickers and vanishes!
Deactivating autopickup; reactivate with Ctrl-A.
You barely miss something. The giant cockroach closely misses you.
Something hits you but does no damage.
The giant cockroach completely misses you.
You miss something.
The giant cockroach bites you but does no damage.
Something barely misses you.
The giant cockroach bites you but does no damage.
You completely miss something. The giant cockroach barely misses you.
Something hits you but does no damage.
You hit something.
Your weapon exudes an aura of protection.
The giant cockroach bites you but does no damage.
The giant cockroach closely misses you.
You hear some strange, mumbled words.
You are confused.
You miss something.
The giant cockroach bites you but does no damage.
You hear some strange, mumbled words.
A magic dart appears from out of thin air!
The magic dart hits you but does no damage.
The giant cockroach bites you but does no damage.
You miss something. Something hits you but does no damage.
The giant cockroach bites you but does no damage.
You hear some strange, mumbled words.
A magic dart appears from out of thin air!
The magic dart hits you.
You die...

... .......
####.#
........
#[...###
#.......
........
........
†.#.....
...$..
.....##
#.######...
######
#......#.#
###
#####..B{#
..# ##.#.@#
..#
#####..#.##
.##
##.....##.# #
#..######.# #
###.## #....
#...##.....#.
###......# ##
. ##..>.#####
##....##


You could see a giant cockroach.

Vanquished Creatures
  3 dart slugs
  4 endoplasms
  3 goblins (D:1)
  3 hobgoblins
  A quokka (D:1)
  4 ball pythons
  A bat (D:1)
  4 kobolds
  5 rats
28 creatures vanquished.

Notes
Turn   | Place    | Note
-------+----------+-------------------------------------------
     0 | D:1      | warriortoast the Gargoyle Earth Elementalist began the
                  | quest for the Orb.
     0 | D:1      | Reached XP level 1. HP: 10/10 MP: 3/3
   380 | D:1      | Reached XP level 2. HP: 16/16 MP: 3/5
   418 | D:1      | Reached skill level 1 in Transmutations
   766 | D:1      | Found a faded altar of an unknown god.
   987 | D:1      | Reached XP level 3. HP: 18/20 MP: 3/6
  1071 | D:1      | Reached skill level 1 in Fighting
  1402 | D:2      | Noticed Sigmund
  1421 | D:2      | Killed from afar by Sigmund

Illustrated notes

Levels and vault maps discovered:
D:1:      zelgadis_glass_arrival_small, layout_basic,
          chequers_ecumenical_altar_grove
D:2:      layout_rooms, uniq_sigmund

Skill      XL: |  1  2  3 |
---------------+----------+-----
Transmutations | 1 |  1.2
Fighting       | 1 |  1.0
Dodging        | |  1.9
Stealth        | |  2.6
Spellcasting   | |  2.3
Earth Magic    | |  3.9

Action                   || total
-------------------------++-------
Melee: Dagger            ||     1
       Mace              ||     9
 Cast: Sandblast         ||    34
Armor: Robe              ||    13
Dodge: Dodged            ||    10
